Map: Recife Abissal LE

Players

GUERRERO

  • Race: Zerg Zerg
  • Spawn Location: 5:00

efelinto - Winner!

  • Race: Protoss Protoss
  • League: Platinum
  • Spawn Location: 11:00

VOD

Have the link to the VOD?

Description

Time

  • Played on: April 9, 2017, 10:45 a.m.
  • Length: 20:00
Show
View Real Time Build Order
Export as new Build Order

GUERRERO Zerg 

Build Orders: Hatch First 

Get SALT Encoding   

  12  0:02  Drone  
  13  0:08  Drone  
  14  0:21  Drone, Extractor x2  
  13  0:22  Drone  
  13  0:27  Overlord  
  16  0:52  Hatchery  
  16  0:56  Drone, Extractor  
  15  1:00  Drone  
  15  1:03  Drone  
  17  1:22  Spawning Pool  
  17  1:23  Drone  
  17  1:26  Drone  
  18  1:34  Drone  
  19  1:41  Overlord  
  19  2:08  Metabolic Boost  
  19  2:10  Queen x2  
  19  2:12  Zergling x2  
  19  2:13  Zergling x2  
  25  2:18  Zergling x2  
  25  2:22  Zergling x2  
  27  2:23  Zergling x2  
  27  2:27  Drone  
  27  2:28  Drone  
  30  2:39  Drone x2  
  32  2:45  Queen  
  32  2:46  Drone  
  32  2:51  Overlord  
  35  3:01  Drone  
  36  3:10  Overlord  
  36  3:15  Drone x2  
  34  3:30  Drone x6  
  34  3:31  Drone x2  
  41  3:43  Zergling x4  
  41  3:47  Roach Warren  
  42  3:54  Hatchery  
  41  3:59  Extractor  
  41  4:00  Drone x7  
  47  4:06  Queen  
  47  4:09  Overlord  
  49  4:20  Zergling x4  
  49  4:21  Zergling x2  
  52  4:25  Extractor  
  52  4:26  Extractor  
  52  4:27  Lair  
  52  4:30  Zergling x2  
  52  4:31  Zergling x2  
  52  4:37  Overlord  
  51  4:41  Overlord  
  51  4:42  Overlord  
  50  4:57  Drone  
  50  4:58  Drone x8  
  59  5:12  Roach x2  
  59  5:13  Roach x4  
  71  5:28  Evolution Chamber x2  
  70  5:31  Glial Reconstitution, Evolution Chamber  
  68  5:38  Drone x3  
  68  5:39  Drone x5  
  76  5:46  Overseer  
  76  5:56  Queen  
  78  6:01  Zerg Melee Weapons Level 1, Zerg Missile Weapons Level 1, Zerg Ground Armor Level 1  
  78  6:03  Zergling x8  
  82  6:04  Overlord  
  82  6:06  Overlord  
  82  6:22  Extractor  
  82  6:23  Extractor  
  82  6:25  Roach x3  
  86  6:26  Roach x6  
  98  6:48  Overlord x2  
  98  6:49  Overlord  
  98  7:01  Burrow, Pneumatized Carapace  
  98  7:03  Tunneling Claws  
  98  7:18  Overseer  
  98  7:26  Drone  
  98  7:27  Drone x15  
  114  7:35  Hydralisk Den  
  113  7:47  Roach x4  
  113  7:48  Overlord x2  
  113  7:49  Overlord x2  
  121  7:55  Infestation Pit  
  121  7:56  Zerg Missile Weapons Level 2, Zerg Ground Armor Level 2  
  121  7:57  Zerg Melee Weapons Level 2  
  120  8:26  Hydralisk x6  
  120  8:27  Hydralisk x6  
  144  8:35  Muscular Augments  
  144  8:56  Hatchery  
  144  8:57  Extractor  
  144  9:01  Extractor, Hive  
  141  9:05  Spire  
  140  9:12  Drone x2  
  140  9:13  Drone  
  140  9:14  Drone x3  
  140  9:17  Overlord x4  
  146  9:42  Hatchery  
  146  9:43  Queen  
  147  10:07  Overlord x3  
  147  10:12  Adrenal Glands  
  147  10:15  Zerg Missile Weapons Level 3, Zerg Melee Weapons Level 3, Zerg Ground Armor Level 3  
  147  10:17  Greater Spire  
  147  10:18  Mutalisk  
  147  10:19  Mutalisk x3  
  155  10:40  Extractor  
  154  10:43  Extractor  
  154  10:44  Mutalisk  
  154  10:45  Mutalisk x4  
  154  10:46  Zergling x8  
  154  10:47  Zergling x34  
  184  11:01  Mutalisk  
  184  11:02  Mutalisk x3  
  192  11:11  Drone  
  192  11:12  Drone x2  
  192  11:14  Drone x3  
  198  11:25  Ultralisk Cavern  
  197  11:37  Hatchery  
  197  11:39  Extractor x2  
  194  11:54  Corruptor x3  
  200  12:05  Zerg Flyer Weapons Level 1  
  200  12:11  Chitinous Plating  
  200  12:16  Baneling Nest  
  196  12:41  Corruptor x7  
  191  13:15  Spore Crawler, Spine Crawler  
  191  13:16  Spore Crawler x2  
  191  13:17  Spine Crawler  
  191  13:19  Spore Crawler, Spine Crawler x2  
  182  13:20  Spore Crawler  
  160  13:29  Hydralisk x3  
  160  13:30  Hydralisk x6  
  160  13:31  Hydralisk x3  
  142  13:38  Brood Lord  
  108  13:52  Brood Lord  
  108  13:54  Brood Lord  
  80  14:12  Zergling x10  
  80  14:13  Zergling x2  
  81  14:23  Zergling x2  
  76  14:24  Zergling x2  
  66  14:40  Drone x5  
  70  14:51  Brood Lord x2  
  73  15:01  Drone x4  
  77  15:08  Brood Lord  
  77  15:19  Zergling x8  
  77  15:20  Zergling x4  
  69  15:35  Mutalisk  
  69  15:36  Mutalisk  
  62  15:59  Zergling x2, Brood Lord  
  62  16:00  Zergling x4  
  55  16:20  Spawning Pool  
  54  16:43  Roach x3  
  60  16:47  Hatchery  
  43  17:30  Roach  
  43  17:31  Roach x2  
  25  18:21  Drone x3  
  21  19:05  Hatchery  
  20  19:19  Hatchery  
  19  19:27  Hatchery  
Show
View Real Time Build Order
Export as new Build Order

efelinto Protoss - Winner!

Build Orders: 1 Gate Expand 

Get SALT Encoding   

  12  0:01  Probe (Chrono Boost)  
  13  0:12  Probe (Chrono Boost)  
  14  0:19  Pylon  
  14  0:22  Probe (Chrono Boost)  
  15  0:37  Probe (Chrono Boost)  
  16  0:43  Gateway  
  16  0:47  Probe (Chrono Boost)  
  17  1:17  Probe (Chrono Boost)  
  18  1:18  Nexus  
  18  1:23  Assimilator  
  18  1:36  Probe (Chrono Boost), Cybernetics Core  
  20  1:47  Probe (Chrono Boost)  
  20  1:57  Probe (Chrono Boost)  
  21  2:03  Pylon  
  21  2:05  Warp Gate  
  22  2:08  Probe (Chrono Boost)  
  22  2:10  Assimilator  
  21  2:45  Probe (Chrono Boost)  
  23  2:52  Gateway  
  23  2:53  Mothership Core (Chrono Boost)  
  23  2:56  Probe (Chrono Boost)  
  23  2:57  Gateway  
  25  3:00  Gateway  
  25  3:06  Probe (Chrono Boost)  
  25  3:11  Probe (Chrono Boost)  
  27  3:17  Probe (Chrono Boost)  
  28  3:28  Pylon  
  28  3:31  Probe (Chrono Boost)  
  28  3:32  Probe (Chrono Boost)  
  30  3:42  Probe (Chrono Boost)  
  30  3:43  Probe (Chrono Boost)  
  30  3:47  Stargate  
  32  3:52  Probe (Chrono Boost)  
  34  3:55  Probe (Chrono Boost)  
  34  4:03  Probe (Chrono Boost)  
  35  4:18  Probe (Chrono Boost)  
  35  4:19  Probe (Chrono Boost)  
  35  4:20  Stalker  
  35  4:21  Stalker x2  
  35  4:22  Stalker  
  45  4:28  Probe (Chrono Boost)  
  45  4:29  Probe (Chrono Boost)  
  47  4:44  Pylon  
  46  4:48  Pylon  
  46  4:55  Forge  
  46  4:56  Pylon  
  46  5:01  Oracle  
  46  5:02  Probe x2 (Chrono Boost), Sentry  
  53  5:07  Zealot  
  53  5:08  Zealot x2  
  53  5:12  Probe x2 (Chrono Boost)  
  61  5:16  Assimilator  
  61  5:19  Assimilator  
  61  5:23  Probe x2 (Chrono Boost)  
  61  5:27  Zealot  
  61  5:28  Zealot  
  67  5:29  Sentry  
  67  5:33  Probe (Chrono Boost)  
  67  5:34  Pylon  
  70  5:52  Probe (Chrono Boost)  
  71  5:57  Nexus  
  71  6:00  Zealot x2  
  71  6:01  Zealot  
  77  6:08  Pylon  
  77  6:11  Pylon  
  77  6:12  Forge, Protoss Ground Weapons Level 1  
  78  6:18  Probe (Chrono Boost)  
  78  6:23  Pylon  
  78  6:27  Probe (Chrono Boost)  
  79  6:44  Zealot  
  79  6:45  Zealot x2  
  79  6:46  Zealot  
  84  6:52  Robotics Facility  
  84  6:54  Robotics Facility  
  84  7:11  Protoss Ground Armor Level 1  
  84  7:12  Void Ray  
  88  7:27  Stalker x2  
  88  7:28  Stalker  
  94  7:41  Immortal  
  98  7:45  Immortal  
  98  7:51  Probe x3 (Chrono Boost)  
  105  7:55  Void Ray  
  109  8:01  Probe (Chrono Boost)  
  109  8:02  Probe (Chrono Boost)  
  109  8:03  Assimilator  
  111  8:07  Assimilator  
  111  8:14  Probe x2 (Chrono Boost)  
  113  8:21  Immortal  
  117  9:06  Pylon  
  117  9:08  Pylon  
  117  9:10  Pylon  
  117  9:12  Pylon  
  117  9:23  Forge  
  117  9:24  Void Ray  
  117  9:25  Twilight Council, Probe (Chrono Boost)  
  117  9:27  Immortal x2  
  130  9:48  Stalker x4  
  138  9:53  Gateway  
  138  9:55  Gateway, Nexus  
  138  9:58  Gateway  
  138  10:03  Gateway  
  138  10:06  Immortal x2  
  146  10:35  Charge  
  146  10:36  Protoss Ground Armor Level 2  
  146  10:37  Protoss Ground Weapons Level 2  
  146  10:39  Protoss Shields Level 1  
  146  10:42  Zealot  
  148  10:48  Pylon  
  148  10:53  Pylon  
  148  10:54  Pylon  
  148  10:56  Pylon  
  148  11:05  Fleet Beacon, Void Ray  
  148  11:06  Immortal  
  148  11:07  Immortal  
  148  11:08  Probe x3 (Chrono Boost)  
  148  11:09  Probe (Chrono Boost)  
  165  11:18  Probe x2 (Chrono Boost)  
  165  11:19  Probe (Chrono Boost)  
  165  11:20  Probe (Chrono Boost)  
  165  11:24  Pylon  
  168  11:29  Pylon  
  168  11:30  Pylon  
  168  11:33  Probe x3 (Chrono Boost), Pylon  
  168  11:34  Probe (Chrono Boost)  
  168  11:37  Pylon  
  172  11:43  Probe (Chrono Boost)  
  172  11:44  Probe (Chrono Boost), Zealot x3  
  172  11:45  Immortal  
  172  11:46  Immortal, Zealot  
  172  11:47  Zealot  
  192  11:50  Probe (Chrono Boost)  
  192  11:52  Assimilator  
  193  11:55  Assimilator  
  193  12:15  Pylon  
  193  12:21  Pylon  
  166  12:41  Zealot x4  
  166  12:42  Zealot x4  
  162  12:52  Probe (Chrono Boost)  
  162  12:53  Probe (Chrono Boost)  
  163  13:10  Dark Shrine  
  139  13:31  Stalker  
  139  13:32  Stalker x4  
  139  13:33  Stalker x3  
  83  14:26  Zealot  
  83  14:27  Zealot x3  
  83  14:28  Zealot x3  
  83  14:29  Zealot  
  97  14:47  Stalker  
  97  14:48  Stalker  
  97  14:50  Stalker x2  
  97  14:52  Sentry  
  104  15:12  Probe (Chrono Boost)  
  104  15:14  Probe x2 (Chrono Boost)  
  107  15:22  Probe (Chrono Boost)  
  107  15:24  Probe x2 (Chrono Boost)  
  107  15:26  Sentry  
  107  15:27  Sentry  
  112  15:33  Probe (Chrono Boost)  
  112  15:35  Probe (Chrono Boost)  
  110  15:51  Probe x2 (Chrono Boost)  
  110  16:15  Zealot x4  
  106  16:41  Pylon  
  106  16:44  Pylon  
  106  16:45  Pylon  
  106  16:46  Pylon  
  106  16:59  Gateway  
  106  17:01  Gateway  
  106  17:02  Gateway  
Tags
 
Add a new tag
Caveats
  • Supply blocks, unpowered buildings, or Contaminate may cause inaccurate times.
  • Supply counts are checked every 10 seconds.